 Dungeon Crawl Stone Soup version 0.18.1-8-gdd0e5ea (webtiles) character file.

1465 urechis the Martial Artist (level 8, -1/42 HPs)
             Began as a Vine Stalker Monk on May 28, 2016.
             Slain by an orc warrior
             ... wielding a +0 glaive
              (10 damage)
             ... on level 6 of the Dungeon.
             The game lasted 00:11:52 (4398 turns).

urechis the Martial Artist (Vine Stalker Monk)      Turns: 4398, Time: 00:11:53

Health: -1/42      AC:  5    Str: 13    XL:     8   Next: 77%
Magic:  0/9        EV: 15    Int: 10    God:
Gold:   184        SH:  4    Dex: 20    Spells: 0 memorised, 7 levels left

rFire  . . .     SeeInvis .       - Unarmed
rCold  . . .     Gourm    .     a - +0 robe
rNeg   . . .     Faith    .     (no shield)
rPois  .         Spirit   +     (no helmet)
rElec  .         Dismiss  .     u - +0 cloak (curse)
rCorr  .         Reflect  +     g - +1 pair of gloves
SustAt .         Harm     .     (no boots)
MR     +....                    e - +4 amulet of reflection
Stlth  +.........               (no ring)
                                (no ring)

@: somewhat resistant to hostile enchantments, very unstealthy
A: fangs 3, regeneration 2, magic shield, antimagic bite, no device heal 3, rot
immunity
a: no special abilities


You were on level 6 of the Dungeon.
You were near starving.

You visited 1 branch of the dungeon, and saw 6 of its levels.

You collected 184 gold pieces.

Inventory:

Armour
 a - a +0 robe (worn)
 g - a +1 pair of gloves (worn)
 u - a cursed +0 cloak (worn)
Jewellery
 e - a +4 amulet of reflection (around neck)
Wands
 r - a wand of disintegration (7/24)
Scrolls
 c - a scroll of remove curse
 d - 2 scrolls of fog
 f - a scroll of magic mapping
 i - 5 scrolls of teleportation
 o - a scroll of noise {unknown}
 s - 2 scrolls of enchant weapon
 w - 2 scrolls of enchant armour
Potions
 h - a potion of resistance {unknown}
 k - 3 potions of cancellation
 m - a potion of invisibility {unknown}
 n - a potion of curing {unknown}
 t - a potion of magic {unknown}
 v - a potion of flight {unknown}
Comestibles
 b - 6 bread rations
 l - 3 meat rations


   Skills:
 + Level 4.3 Fighting
 + Level 3.9 Dodging
 - Level 2.4 Stealth
 - Level 10.0 Unarmed Combat


You had 7 spell levels left.
You didn't know any spells.

Dungeon Overview and Level Annotations

Branches:
Dungeon (6/15)
 Temple: D:4-7

Altars:
Cheibriados
Dithmenos
Elyvilon
Vehumet
Yredelemnul
The Shining One

Shops:
D:4 (

Annotations:
D:3 barakagiga's ghost, amateur HOBe


Innate Abilities, Weirdness & Mutations

You have razor-sharp teeth.
You heal very quickly.
When hurt, damage is shared between your health and your magic reserves.
Your bite disrupts and absorbs the magic of your enemies.
Potions and wands cannot restore your health.
You are immune to rotting.


Message History

You hear a splash.
Your Fighting skill increases to level 4!
You block the orc warrior's attack.
The centaur unwields an uncursed shortbow.
The centaur hits you.
The orc warrior splashes around in the water.
Why would you want to do that?
You punch the centaur!
The centaur is almost dead.
You block the centaur's attack.
The orc warrior hits you from afar with a glaive!
The centaur hits you but does no damage.
You hit the centaur.
You kill the centaur!
You hear a splash.
The orc warrior closely misses you.
The orc warrior hits you from afar with a glaive!
* * * LOW HITPOINT WARNING * * *
The orc warrior hits you from afar with a glaive!
You die...

###.#.#.≈≈≈≈≈≈≈≈≈≈≈≈≈.#######
......#.≈≈≈≈≈≈≈≈≈≈≈≈≈..?....#
###...#.≈≈≈≈≈...≈≈≈≈≈##.....#
......((≈≈≈≈≈...≈≈≈≈≈.......+
###...#.≈≈≈≈≈...≈≈≈≈≈.#....##
##......≈≈≈≈≈≈≈≈≈≈≈≈≈.#.####
##....#.≈≈≈≈≈≈(oo≈≈≈≈...#
##....#.≈≈≈≈)≈≈≈≈≈≈≈≈...#
##......≈≈≈≈≈)≈≈@≈≈≈≈.(.#
##....#.≈≈≈≈≈≈≈≈≈≈≈≈≈%###
##..................(.(.#
##....#.#..........(....#
##....#.#.(####.##.###.##
.........((..##.##(###.###
###........#.##.##.....#.#
### #.#.#.#..#....##.#####.#
#.# #.#.#.#..#.##.##.# #.#
#.#


You could see an orc warrior and an orc.

Vanquished Creatures
  The ghost of urechis the Grappler, an amateur VSMo (D:5)
  An ogre (D:6)
  3 centaurs
  A scorpion (D:6)
  2 howler monkeys
  A jelly (D:5)
  3 hounds
  3 orc priests (D:4)
  A centaur skeleton (D:6)
  Jessica (D:2)
  Terence (D:2)
  2 iguanas (D:4)
  5 orc wizards (D:4)
  A statue (D:5)
  2 worker ants
  A worker ant zombie (D:2)
  4 gnolls (D:4)
  15 adders
  2 oozes
  2 worms (D:2)
  A dart slug (D:1)
  6 giant geckos
  15 orcs
  2 ball pythons
  A bat skeleton (D:2)
  A bat zombie (D:2)
  5 giant cockroaches
  6 goblins
  5 hobgoblins (D:2)
  9 jackals
  3 quokkas
  A ball python zombie (D:2)
  5 bats
  A giant gecko skeleton (D:5)
  12 giant newts
  A jackal skeleton (D:4)
  6 kobolds
  A quokka skeleton (D:2)
  9 rats
  A spectral orc (D:5)
143 creatures vanquished.

Vanquished Creatures (others)
  A quokka (D:6)
1 creature vanquished.

Grand Total: 144 creatures vanquished

Notes
Turn   | Place    | Note
--------------------------------------------------------------
     0 | D:1      | urechis the Vine Stalker Monk began the quest for the Orb.
     0 | D:1      | Reached XP level 1. HP: 11/11 MP: 2/2
   133 | D:1      | Reached XP level 2. HP: 16/16 MP: 3/3
   365 | D:1      | Reached XP level 3. HP: 19/19 MP: 4/4
   397 | D:1      | Reached skill level 5 in Unarmed Combat
   864 | D:2      | Noticed Terence
   887 | D:2      | Killed Terence
   887 | D:2      | Reached XP level 4. HP: 15/23 MP: 5/5
   926 | D:2      | Noticed Jessica
   937 | D:2      | Killed Jessica
   937 | D:2      | Reached skill level 6 in Unarmed Combat
   937 | D:2      | Reached XP level 5. HP: 25/27 MP: 6/6
  1618 | D:3      | Found a snail-covered altar of Cheibriados.
  1783 | D:3      | Reached skill level 7 in Unarmed Combat
  1792 | D:3      | Noticed barakagiga's ghost (amateur HOBe)
  2104 | D:4      | Gained mutation: You heal very quickly. [Vine Stalker growth]
  2104 | D:4      | Reached XP level 6. HP: 32/32 MP: 7/7
  2236 | D:4      | Found Houvosch's Weapon Shoppe.
  2501 | D:4      | Reached skill level 8 in Unarmed Combat
  2505 | D:4      | Reached XP level 7. HP: 23/35 MP: 8/8
  2992 | D:4      | Reached skill level 9 in Unarmed Combat
  3010 | D:4      | Found a shadowy altar of Dithmenos.
  3144 | D:5      | Entered Level 5 of the Dungeon
  3237 | D:5      | Noticed urechis's ghost (amateur VSMo)
  3359 | D:6      | Gained mutation: You have razor-sharp teeth. [Vine Stalker growth]
  3359 | D:6      | Reached XP level 8. HP: 39/39 MP: 9/9
  3594 | D:5      | Reached skill level 10 in Unarmed Combat
  3775 | D:5      | Killed urechis's ghost
  3869 | D:5      | Found a radiant altar of Vehumet.
  4010 | D:5      | Found a glowing golden altar of the Shining One.
  4131 | D:5      | Found a basalt altar of Yredelemnul.
  4306 | D:6      | Found a white marble altar of Elyvilon.
  4398 | D:6      | Slain by an orc warrior

Skill      XL: |  1  2  3  4  5  6  7  8 |
---------------+-------------------------+-----
Unarmed Combat | 5 6 7 8 9 10 | 10.0
Fighting       | 4 |  4.3
Dodging        | 3 |  3.9
Stealth        | |  2.4

Action                   |  1- 3 |  4- 6 |  7- 9 || total
-------------------------+-------+-------+-------++-------
Melee: Unarmed           |   148 |   165 |   191 ||   504
       Bite              |    39 |    48 |    65 ||   152
       Punch             |     3 |     4 |    15 ||    22
  Use: Scroll            |       |     4 |     6 ||    10
 Stab: Sleeping          |     5 |     8 |     5 ||    18
  Eat: Chunk             |       |     5 |     5 ||    10
Armor: Robe              |    17 |    21 |    33 ||    71
Dodge: Dodged            |   103 |    81 |   103 ||   287
Block: Other             |       |    11 |    28 ||    39
       Reflection        |       |       |     2 ||     2
